 Dungeon Crawl Stone Soup version 0.27.1-4-g1640c2035a (webtiles) character file.

Game seed: 11246779150872770952

114394 porpoise the Necromancer (level 16, -24/96 HPs)
             Began as a Deep Elf Conjurer on Nov 11, 2021.
             Was a High Priest of Vehumet.
             Killed from afar by cummra's ghost (41 damage)
             ... with a bolt of magma
             ... on level 2 of the Swamp on Nov 13, 2021.
             The game lasted 02:54:38 (43747 turns).

porpoise the Necromancer (Deep Elf Conjurer)       Turns: 43747, Time: 02:54:38

Health: -24/96     AC:  9    Str: 13    XL:     16   Next: 16%
Magic:  10/36      EV: 11    Int: 34    God:    Vehumet [*****.]
Gold:   2904       SH: 11    Dex: 16    Spells: 9/43 levels left

rFire    . . .     SeeInvis .   a - staff of conjuration
rCold    . . .     Faith    +   i - +2 kite shield
rNeg     . . .     Spirit   .   n - +0 ring mail "Ywipaic" {*Slow rPois Will+ Int+6}
rPois    +         Reflect  .   (no helmet)
rElec    .         Harm     .   R - +0 cloak
rCorr    .         Rampage  .   G - +1 pair of gloves {Dex+3}
Will     +++..                  c - +0 pair of boots
Stlth    ++++......             W - amulet of Xynilem {Faith Will+}
HPRegen  0.26/turn              y - +6 ring of strength
MPRegen  0.25/turn              J - ring of flight

@: lethally poisoned (-24 -> -29), flying
A: sense surroundings 1, MP-powered wands
a: Renounce Religion


You were on level 2 of the Swamp.
You worshipped Vehumet.
Vehumet was extremely pleased with you.
You visited 5 branches of the dungeon, and saw 25 of its levels.
You also visited: Sewer and Ossuary.

You collected 4026 gold pieces.
You spent 1122 gold pieces at shops.

Inventory:

Hand Weapons
 b - a +1 hunting sling of venom
Missiles
 f - 11 boomerangs
 g - 8 silver boomerangs
 l - 16 poisoned darts
 o - 119 sling bullets
Armour
 c - a +0 pair of boots (worn)
 i - a +2 kite shield (worn)
 n - the +0 ring mail "Ywipaic" (worn) {*Slow rPois Will+ Int+6}
   (You found it on level 5 of the Dungeon)

   Int:       It affects your intelligence (+6).
   rPois:     It protects you from poison.
   *Slow:     It may slow you when you take damage.
   Will:      It increases your willpower.
 D - +0 steam dragon scales
 G - a +1 pair of gloves of dexterity (worn)
 R - a +0 cloak (worn)
Magical Staves
 a - a staff of conjuration (weapon)
 w - a staff of earth
Jewellery
 s - an amulet of regeneration
 y - a +6 ring of strength (left hand)
 A - a +6 ring of intelligence
 J - a ring of flight (right hand)
 W - the amulet of Xynilem (around neck) {Faith Will+}
   (You acquired it on level 1 of the Lair of Beasts)

   [amulet of faith]

   It allows you to gain divine favour quickly.
   Will:      It increases your willpower.
Wands
 h - a wand of digging (5)
 x - a wand of flame (109)
 B - a wand of paralysis (7)
 H - a wand of polymorph (27)
 M - a wand of mindburst (11)
 O - a wand of iceblast (6)
 P - a wand of acid (20)
Scrolls
 d - 5 scrolls of magic mapping
 j - 11 scrolls of identify
 p - 16 scrolls of teleportation
 q - a scroll of amnesia
 v - 4 scrolls of fear
 z - 2 scrolls of summoning
 L - 3 scrolls of vulnerability
Potions
 e - a potion of magic
 k - a potion of invisibility
 m - 7 potions of ambrosia
 r - 7 potions of curing
 t - 2 potions of lignification
 u - a potion of attraction
 C - 8 potions of heal wounds
 F - 2 potions of haste
 I - a potion of cancellation
 K - 4 potions of resistance


   Skills:
 - Level 9.0 Fighting
 + Level 1.7 Armour
 - Level 7.0 Dodging
 - Level 9.0 Stealth
 - Level 4.4 Shields
 + Level 14.4 Spellcasting
 - Level 12.0 Conjurations
 - Level 12.0 Hexes
 - Level 15.8 Necromancy
 - Level 7.0 Translocations
 + Level 3.0 Transmutations
 - Level 12.0 Fire Magic
 - Level 7.0 Earth Magic
 - Level 7.0 Evocations


You had 9 spell levels left.
You knew the following spells:

 Your Spells              Type           Power      Damage    Failure   Level
a - Magic Dart            Conj           100%       1d8       1%          1
b - Searing Ray           Conj           100%       3d7       1%          2
c - Fulminant Prism       Conj/Hex       51%        3d23      1%          4
d - Iskenderun's Mystic   Conj/Tloc      93%        2d18      1%          4
e - Airstrike             Air            12%        N/A       32%         4
f - Fireball              Conj/Fire      51%        3d20      1%          5
k - Blink                 Tloc           N/A        N/A       1%          2
r - Irradiate             Conj/Tmut      42%        3d27      5%          5
s - Sublimation of Blood  Necr           46%        N/A       1%          2
v - Borgnjor's Vile Clut  Necr/Erth      40%        N/A       3%          5

Your spell library contained the following spells:

 Spells                   Type           Power      Damage    Failure   Level
 Starburst                Conj/Fire      51%        6d14      4%          6
 Slow                     Hex            82%        N/A       1%          2
 Confusing Touch          Hex            82%        N/A       1%          3
 Dazzling Flash           Conj/Hex       100%       N/A       1%          3
 Vampiric Draining        Necr           46%        2d12      1%          3
 Hailstorm                Conj/Ice       78%        3d16      3%          4
 Freeze                   Ice            96%        1d11      4%          1
 Lightning Bolt           Conj/Air       39%        1d57      9%          5
 Frozen Ramparts          Ice            48%        1d6       11%         3
 Petrify                  Tmut/Erth      55%        N/A       19%         4
 Manifold Assault         Tloc           64%        N/A       22%         5
 Summon Forest            Summ/Tloc      24%        N/A       67%         5
 Summon Lightning Spire   Summ/Air       24%        N/A       80%         4
 Alistair's Intoxication  Tmut/Pois      22%        N/A       91%         5
 Eringya's Noxious Bog    Tmut/Pois      17%        N/A       94%         6
 Storm Form               Tmut/Air       17%        N/A       100%        7
 Summon Hydra             Summ           12%        N/A       100%        7


Dungeon Overview and Level Annotations

Branches:
Dungeon (15/15)            Temple (1/1) D:6            Lair (5/6) D:11
  Swamp (2/4) Lair:3        Snake (0/4) Lair:4          Orc (2/2) D:12
    Elf (0/3) Orc:2        Vaults (0/5) D:14         Depths (0/5) D:15
  Sewer (visited)         Ossuary (visited)
  Slime: Lair:5-6

Altars:
Ashenzari
Cheibriados
Dithmenos
Elyvilon
Fedhas
Gozag
Hepliaklqana
Kikubaaqudgha
Makhleb
Nemelex Xobeh
Okawaru
Qazlal
Ru
Sif Muna
Trog
Uskayaw
Vehumet
Wu Jian
Xom
Yredelemnul
Zin
The Shining One
Beogh

Shops:
D:5 =   D:7 *   D:12 *   Orc:2 **[(

Annotations:
D:11 exclusion: orange crystal statue
D:14 exclusion: orange crystal statue
Lair:1 exclusion: ice statue
Swamp:2 cummra's ghost, journeyman GrEE
Orc:1 3 runed translucent doors, MoonRat's ghost, journeyman DrSu


Innate Abilities, Weirdness & Mutations

You passively map a small area around you.
You expend magic power (3 MP) to strengthen your wands.


Message History

The bolt of magma hits you!!
* * * LOW HITPOINT WARNING * * *
The swamp dragon breathes poison at you.
The blast of poison engulfs you.
You are poisoned.
You resist.
* * * LOW HITPOINT WARNING * * *
Your fulminant prism crackles loudly.
Casting: Fulminant Prism (safe; 1% risk of failure)
Confirm with . or Enter, or press ? or * to list all spells.
You feel a surge of power!
You erupt in a blast of force!
The mystic blast hits the swamp dragon!!
The swamp dragon is heavily wounded.
The swamp dragon is knocked back by the mystic blast.
You feel sick.
Your fulminant prism explodes!
The blast of energy engulfs the swamp dragon!!!
You kill the swamp dragon!
Vehumet accepts your kill.
The blast of energy engulfs cummra's ghost but does no damage.
Cummra's ghost is severely damaged.
Your Transmutations skill increases to level 3!
Casting: Iskenderun's Mystic Blast (mildly dangerous; 1% risk of failure)
Confirm with . or Enter, or press ? or * to list all spells.
Aiming: Fulminant Prism (safe; 1% risk of failure)
Press: ? - help, Dir - move target, f - cummra's ghost
Aim: cummra's ghost, wielding a weapon of flaming (severely damaged)
Okay, then.
Unknown command.
Casting: Fulminant Prism (safe; 1% risk of failure)
Confirm with . or Enter, or press ? or * to list all spells.
Aiming: Fulminant Prism (safe; 1% risk of failure)
Press: ? - help, Dir - move target You feel a surge of power!
You conjure a prism of explosive energy!
A fulminant prism comes into view.
You feel sick. Cummra's ghost casts a spell at you.
The bolt of magma hits you!!!
You die...

, ≈ ♣.....≈.♣ ♣...≈≈≈..♣♣♣<.
, ♣♣.≈.≈≈§♣♣♣.......♣♣♣.§§
*♣♣≈..♣♣♣..≈..≈♣♣≈♣..>≈≈ ≈
** ♣.≈≈.♣♣♣.......♣♣♣.≈≈≈≈
♣.≈≈≈≈.....♣.≈..♣♣.≈≈≈≈ *
♣.≈≈≈§≈≈≈..♣.§.....≈≈≈≈ , ,
♣♣.≈≈≈○○≈≈..♣≈≈.≈≈≈≈≈≈≈≈ ≈ *
♣..≈≈○☼.≈.♣≈..§..≈≈≈≈§≈. , ≈
♣♣♣♣..°@○°§...♣♣...≈...♣
,♣*♣♣..♣.°°♣○.♣.§≈.♣.≈§....≈
♣.♣..♣#.°.○.≈≈≈≈≈.♣≈≈≈≈....
♣...#8*.W....♣≈≈≈♣≈≈≈....< *
♣...#..†♣♣♣♣♣♣♣≈≈♣♣..≈≈...
... ♣)♣.♣♣'....♣♣♣
♣♣♣♣♣♣.≈≈≈≈. ♣..
,♣.....#...≈..♣ ♣......≈. ..
*♣....♣#8.≈≈≈.♣ ♣≈....♣♣♣ .
♣♣...♣♣#..≈.♣♣ ♣♣♣.≈≈.♣♣


You could see cummra's ghost (ally target) and a friendly fulminant prism.

Vanquished Creatures
  A tentacled monstrosity (Swamp:1)
  A thorn hunter (Swamp:2)
  Kirke (Lair:5)
  Aizul (Lair:3)
  2 bunyips
  An ettin (D:15)
  An eleionoma (Lair:3)
  Harold (D:8)
  5 boulder beetles
  7 hydras
  3 ogre magi
  An alligator (Swamp:1)
  2 catoblepae (Lair:3)
  13 two-headed ogres
  A death knight (D:14)
  2 centaur warriors
  A tengu warrior (D:15)
  Urug (Lair:2)
  A hell knight (D:15)
  3 orc high priests (Orc:2)
  A shadow wraith (D:14)
  An iron troll (D:14)
  4 skeletal warriors (D:14)
  A flayed ghost (D:15)
  A spriggan druid (Swamp:2)
  A goliath frog (Swamp:1)
  A swamp dragon (Swamp:2)
  2 bog bodies (Swamp:2)
  A deep troll (D:15)
  A wolf spider zombie (D:13)
  7 orc knights
  A deep elf zephyrmancer (D:15)
  16 ugly things
  A necromancer (D:15)
  A deep elf pyromancer (D:12)
  5 orc sorcerers
  2 oklob plants
  7 cyclopes
  3 manticores
  A spectral centaur (D:13)
  9 black mambas
  12 elephants
  15 cane toads
  A cane toad (shapeshifter) (D:15)
  Maggie (D:7)
  4 freezing wraiths
  A kobold demonologist (D:12)
  2 rime drakes (Lair:3)
  A tengu conjurer (D:15)
  2 efreet
  A queen bee (Lair:4)
  10 komodo dragons
  7 trolls
  3 meliai (Lair:4)
  3 hornets
  17 blink frogs
  5 polar bears (D:10)
  A wind drake (shapeshifter) (D:11)
  10 slime creatures
  3 tyrant leeches (Swamp:1)
  A meliai zombie (D:10)
  2 centaur simulacra
  2 spriggans
  2 fire bats (Lair:3)
  49 yaks
  A vampire (D:11)
  A spriggan (shapeshifter) (D:13)
  2 wyverns
  A shadow (D:10)
  A steam dragon (D:7)
  7 hogs (Lair:5)
  A golden eye (shapeshifter) (D:14)
  4 basilisks
  14 vampire mosquitoes
  8 swamp worms
  16 water moccasins
  20 orc warriors
  An ice beast (D:7)
  5 black bears
  A boggart (D:15)
  An ogre (shapeshifter) (D:14)
  4 necrophages
  10 ogres
  17 wolves
  7 centaurs
  A phantom (D:5)
  5 elf zombies (Ossuary)
  8 bullfrogs
  4 scorpions
  2 gnoll sergeants
  23 killer bees
  2 howler monkeys (D:9)
  3 electric eels
  A lava snake (Lair:3)
  A bullfrog zombie (D:7)
  7 centaur zombies
  16 orc priests
  6 centaur skeletons
  6 hounds
  2 jellies
  A bullfrog skeleton (D:6)
  2 iguanas
  19 orc wizards
  A killer bee zombie (D:7)
  A hound skeleton (D:4)
  A hound zombie (Ossuary)
  3 mummies (Ossuary)
  3 howler monkey zombies
  2 howler monkey skeletons (D:6)
  10 gnolls
  A river rat (D:3)
  12 adders
  A shadow imp (D:6)
  4 white imps
  2 adder zombies (Ossuary)
  A worm (D:2)
  3 dart slugs
  68 orcs
  15 endoplasms
  12 giant cockroaches
  5 gnoll zombies (Ossuary)
  7 goblins
  3 hobgoblins (D:1)
  4 jackals (D:3)
  4 kobolds
  17 quokkas
  13 ball pythons
  5 bats
  7 frilled lizards
  4 goblin zombies (Ossuary)
  4 hobgoblin zombies (Ossuary)
  3 jackal zombies (Ossuary)
  3 kobold zombies (Ossuary)
  2 orc zombies
  2 quokka zombies (Ossuary)
  10 rats
  3 rat zombies (Ossuary)
  A bush (D:4)
739 creatures vanquished.

Vanquished Creatures (others)
  2 bloated husks (Swamp:1)
  232 fulminant prisms
  45 fungi
  83 plants
  2 withered plants (Swamp:2)
364 creatures vanquished.

Grand Total: 1103 creatures vanquished

Notes
Turn   | Place    | Note
-------+----------+-------------------------------------------
     0 | D:1      | porpoise the Deep Elf Conjurer began the quest for the Orb.
     0 | D:1      | Reached XP level 1. HP: 10/10 MP: 6/6
   184 | D:1      | Reached XP level 2. HP: 15/15 MP: 2/8
   703 | D:1      | Learned a level 2 spell: Searing Ray
   901 | D:1      | Reached skill level 5 in Conjurations
   902 | D:1      | Reached XP level 3. HP: 19/19 MP: 7/10
  1272 | D:1      | Reached XP level 4. HP: 24/24 MP: 10/12
  1301 | D:1      | Learned a level 4 spell: Fulminant Prism
  1306 | D:1      | Learned a level 4 spell: Iskenderun's Mystic Blast
  1455 | D:2      | Found a faded altar of an unknown god.
  2036 | D:3      | Reached skill level 1 in Hexes
  2155 | D:3      | Found a glowing drain.
  2170 | D:3      | Reached skill level 5 in Spellcasting
  2266 | Sewer    | Entered a sewer
  2756 | Sewer    | Reached XP level 5. HP: 28/28 MP: 12/14
  3378 | Sewer    | Reached XP level 6. HP: 3/32 MP: 2/17
  3807 | D:3      | Found an ornate altar of the Wu Jian Council.
  4689 | D:3      | Found a shimmering blue altar of Sif Muna.
  4890 | D:4      | Reached skill level 5 in Hexes
  5091 | D:4      | Noticed a yak
  5372 | D:4      | Found a sparkling altar of Nemelex Xobeh.
  5786 | D:4      | Noticed a yak
  5790 | D:4      | Noticed a yak
  5792 | D:4      | Noticed a yak
  5792 | D:4      | Noticed a yak
  5794 | D:4      | Killed a yak
  5795 | D:4      | Reached XP level 7. HP: 36/36 MP: 6/19
  5898 | D:4      | Killed a yak
  5900 | D:4      | Killed a yak
  5970 | D:4      | Killed a yak
  5971 | D:4      | Reached skill level 5 in Translocations
  5971 | D:4      | Reached XP level 8. HP: 39/41 MP: 5/20
  6110 | D:4      | Found a sparkling altar of Nemelex Xobeh.
  6163 | D:5      | Entered Level 5 of the Dungeon
  6362 | D:5      | Identified the +0 ring mail "Ywipaic" {*Slow rPois Will+
                  | Int+6}
  6968 | D:5      | Found Ytrorgh's Jewellery Boutique.
  7098 | D:6      | Found a staircase to the Ecumenical Temple.
  7129 | Temple   | Entered the Ecumenical Temple
  7485 | D:6      | Reached skill level 1 in Fighting
  7678 | D:6      | Reached XP level 9. HP: 42/48 MP: 15/24
  7903 | D:6      | Noticed a two-headed ogre
  7909 | D:6      | Killed a two-headed ogre
  8200 | D:6      | Found a sacrificial altar of Ru.
  8200 | D:6      | Found a basalt altar of Yredelemnul.
  8201 | D:6      | Found a hide-covered altar of Uskayaw.
  8383 | D:7      | Noticed Maggie
  8392 | D:7      | Killed Maggie
  8398 | D:7      | Reached skill level 5 in Fighting
  8540 | D:7      | Reached skill level 10 in Spellcasting
  8870 | D:7      | Found Leaschis's Assorted Antiques.
  8870 | D:7      | Identified the +0 ring mail "Zykhe" {rN++ Will+}
  8883 | D:7      | Bought a smoky silvery potion for 20 gold pieces
  8883 | D:7      | Bought a smoky emerald potion for 20 gold pieces
  8883 | D:7      | Bought a crooked brass wand for 92 gold pieces
  8883 | D:7      | Bought a green potion for 20 gold pieces
  8883 | D:7      | Bought a white potion for 20 gold pieces
  8883 | D:7      | Bought a twisted jade ring for 115 gold pieces
  9117 | D:7      | Found a radiant altar of Vehumet.
  9123 | D:7      | Became a worshipper of Vehumet
  9370 | D:7      | Reached XP level 10. HP: 50/59 MP: 26/26
  9682 | D:8      | Found a sand-covered staircase.
  9692 | D:8      | Reached skill level 5 in Dodging
  9735 | Ossuary  | Entered an ossuary
 10030 | Ossuary  | Reached * piety under Vehumet
 10030 | Ossuary  | Offered knowledge of Foxfire by Vehumet.
 10432 | Ossuary  | Learned a level 5 spell: Borgnjor's Vile Clutch
 11791 | D:8      | Found a white marble altar of Elyvilon.
 11981 | D:8      | Noticed Harold
 12028 | D:8      | Killed Harold
 12029 | D:8      | Reached skill level 1 in Evocations
 12277 | D:9      | Found a bloodstained altar of Trog.
 12565 | D:9      | Noticed a purple ugly thing
 12576 | D:9      | Killed a purple ugly thing
 12678 | D:9      | Offered knowledge of Static Discharge by Vehumet.
 12758 | D:9      | Reached ** piety under Vehumet
 12918 | D:9      | Reached XP level 11. HP: 59/63 MP: 19/29
 13063 | D:9      | Reached skill level 5 in Evocations
 13514 | D:9      | Found a hazy altar of Hepliaklqana.
 13628 | D:9      | Found a blossoming altar of Fedhas.
 13736 | D:10     | Entered Level 10 of the Dungeon
 14103 | D:10     | Found a huge runed translucent gate.
 14103 | D:10     | Found a huge runed translucent gate.
 14103 | D:10     | Found a huge runed translucent gate.
 14103 | D:10     | Found a huge runed translucent gate.
 14274 | D:10     | Reached skill level 2 in Necromancy
 14489 | D:10     | Offered knowledge of Mephitic Cloud by Vehumet.
 14490 | D:10     | Reached skill level 3 in Necromancy
 14495 | D:10     | Reached skill level 4 in Necromancy
 14724 | D:10     | Found a glowing golden altar of the Shining One.
 14794 | D:10     | Reached skill level 5 in Stealth
 14879 | D:10     | Reached skill level 5 in Necromancy
 15200 | D:10     | Noticed a two-headed ogre
 15205 | D:10     | Killed a two-headed ogre
 15206 | D:10     | Reached skill level 6 in Necromancy
 15321 | D:11     | Reached skill level 7 in Necromancy
 15524 | D:11     | Noticed a two-headed ogre
 15527 | D:11     | Killed a two-headed ogre
 15528 | D:11     | Reached skill level 9 in Necromancy
 15543 | D:11     | Noticed a two-headed ogre
 15553 | D:11     | Killed a two-headed ogre
 15553 | D:11     | Reached *** piety under Vehumet
 15554 | D:11     | Reached skill level 10 in Necromancy
 16345 | D:11     | Noticed an orange crystal statue
 16614 | D:11     | Noticed a two-headed ogre
 16625 | D:11     | Killed a two-headed ogre
 16626 | D:11     | Reached skill level 11 in Necromancy
 16921 | D:11     | Found a staircase to the Lair.
 17362 | D:12     | Found a staircase to the Orcish Mines.
 17376 | D:12     | Noticed a two-headed ogre
 17379 | D:12     | Reached XP level 12. HP: 68/68 MP: 10/30
 17382 | D:12     | Killed a two-headed ogre
 17550 | D:12     | Reached skill level 12 in Necromancy
 17552 | D:12     | Noticed a two-headed ogre
 17554 | D:12     | Reached skill level 1 in Earth Magic
 17556 | D:12     | Killed a two-headed ogre
 17739 | D:12     | Found Judut's General Store.
 17747 | D:12     | Bought a scroll of identify for 34 gold pieces
 17928 | D:12     | Noticed a boulder beetle
 17953 | D:12     | Killed a boulder beetle
 18105 | D:12     | Noticed a boulder beetle
 18133 | D:12     | Killed a boulder beetle
 18327 | D:12     | Reached skill level 5 in Earth Magic
 18868 | D:12     | Gained mutation: You passively map a small area around you.
                  | [potion of mutation]
 18868 | D:12     | Gained mutation: You expend magic power (3 MP) to
                  | strengthen your wands. [potion of mutation]
 19164 | Lair:1   | Entered Level 1 of the Lair of Beasts
 19610 | D:11     | Reached skill level 10 in Hexes
 19610 | D:11     | Offered knowledge of Stone Arrow by Vehumet.
 19802 | Lair:1   | Learned a level 4 spell: Airstrike
 20163 | Lair:1   | Identified a scroll of acquirement
 20163 | Lair:1   | Acquired the amulet of Xynilem {Faith Will+}
 21402 | Lair:2   | Reached XP level 13. HP: 58/74 MP: 23/33
 21610 | Lair:2   | Noticed Urug
 21625 | Lair:2   | Killed Urug
 22605 | Lair:3   | Found a staircase to the Swamp.
 22633 | Lair:3   | Reached **** piety under Vehumet
 22782 | Lair:3   | Offered knowledge of Fireball by Vehumet.
 22789 | Lair:3   | Learned a level 5 spell: Fireball
 22843 | Lair:3   | Reached skill level 1 in Fire Magic
 23158 | Lair:3   | Reached skill level 1 in Shields
 24473 | Lair:4   | Reached skill level 5 in Fire Magic
 24931 | Lair:4   | Found a staircase to the Snake Pit.
 25087 | Lair:3   | HP: 3/76 [poisoned by a black mamba]
 25443 | Lair:4   | Reached ***** piety under Vehumet
 25452 | Lair:4   | Offered knowledge of Conjure Ball Lightning by Vehumet.
 27410 | Lair:4   | Learned a level 2 spell: Blink
 27569 | Lair:5   | Noticed Kirke
 27577 | Lair:5   | Reached XP level 14. HP: 82/82 MP: 23/34
 27579 | Lair:5   | Killed Kirke
 29654 | Lair:5   | Reached skill level 10 in Conjurations
 30103 | D:10     | Reached skill level 10 in Fire Magic
 31825 | D:14     | Reached ****** piety under Vehumet
 32297 | D:14     | Reached XP level 15. HP: 66/86 MP: 6/35
 32936 | D:14     | Offered knowledge of Iskenderun's Battlesphere by Vehumet.
 33269 | D:14     | Found a hide-covered altar of Uskayaw.
 33574 | D:14     | Found a gate to the Vaults.
 33721 | D:15     | Entered Level 15 of the Dungeon
 35229 | D:15     | Identified the +0 lajatang of Valour {venom, rPois rF+++
                  | Dex+5 Stlth-}
 35526 | D:12     | Bought a book of Alchemy for 476 gold pieces
 35526 | D:12     | Bought a potion of heal wounds for 85 gold pieces
 35529 | D:12     | Learned a level 2 spell: Sublimation of Blood
 35535 | D:12     | Learned a level 5 spell: Irradiate
 36307 | D:15     | Reached skill level 13 in Necromancy
 36621 | D:15     | Found a staircase to the Depths.
 37365 | Orc:1    | Entered Level 1 of the Orcish Mines
 37925 | Orc:2    | Entered Level 2 of the Orcish Mines
 37925 | Orc:2    | Found a staircase to the Elven Halls.
 38170 | Orc:2    | Offered knowledge of Starburst by Vehumet.
 38594 | Orc:2    | Reached skill level 14 in Necromancy
 38907 | Orc:1    | Found a runed translucent gate.
 38907 | Orc:1    | Found a runed translucent gate.
 39405 | Orc:1    | Found a runed translucent gate.
 39406 | Orc:1    | Noticed MoonRat's ghost (journeyman DrSu)
 40400 | Orc:2    | Found Bianuq's Assorted Antiques.
 40400 | Orc:2    | Found Lim Kucu's Antique Weapon Shop.
 40402 | Orc:2    | Found Ubum's Assorted Antiques.
 40402 | Orc:2    | Found Puitruz's Antique Armour Shop.
 40416 | Orc:2    | Bought a pair of runed gloves for 240 gold pieces
 40690 | Swamp:1  | Entered Level 1 of the Swamp
 40690 | Swamp:1  | Noticed Aizul
 40697 | Lair:3   | Killed Aizul
 40764 | Lair:3   | Reached skill level 15 in Necromancy
 41228 | Swamp:1  | Noticed a tentacled monstrosity
 41238 | Swamp:1  | Killed a tentacled monstrosity
 42083 | Swamp:1  | Reached XP level 16. HP: 96/96 MP: 25/36
 42143 | Swamp:1  | Reached skill level 1 in Transmutations
 42796 | Swamp:2  | Acquired 1216 gold pieces
 42924 | Swamp:2  | Found a runed translucent door.
 42947 | Swamp:2  | Identified the +10 trident of Law {flame, Str+8}
 42948 | Swamp:2  | Noticed cummra's ghost (journeyman GrEE)
 42953 | Swamp:2  | Identified the ring "Jock" {Wiz *Slow rPois Will+}
 42999 | Swamp:2  | Noticed a thorn hunter
 43033 | Swamp:2  | Killed a thorn hunter
 43034 | Swamp:2  | Reached skill level 1 in Armour
 43747 | Swamp:2  | Killed from afar by cummra's ghost

Illustrated notes

Levels and vault maps discovered:
D:1:      tarquinn_simple_flora_water_c, layout_rooms
D:2:      layout_loops_cross, chequers_ecumenical_altar_simple,
          kennysheep_generic_room_10
D:3:      layout_loops_ring, nzn_wu_jian_contemplation,
          kennysheep_orc_sif_temple, portal_sewer_entry_a
D:4:      layout_basic, nemelex_altar_shiori, minmay_hedge_maze,
          kennysheep_flooded_box, serial_bayou_crossing
D:5:      layout_basic, kennysheep_pointless_box, nicolae_stop_n_shop_2
D:6:      layout_rooms, gammafunk_temple_overflow_claw,
          minmay_temple_entry_antechambers, minmay_manual_moon
D:7:      layout_rooms, mainiacjoe_overflow_small_starburst, serial_shops, shop,
          lightli_minifort, uniq_maggie
D:8:      layout_loops_cross, elyvilon_altar_1, enter_ossuary_3,
          nicolae_zen_rock_garden, uniq_harold
D:9:      layout_irregular_city, nicolae_hepliaklqana_hazy_memory,
          trog_three_pillars_becter, fedhas_altar_fruit_tree
D:10:     lemuel_bear_cage, layout_loops_cross, tso_metal_star
D:11:     layout_long_grid, lair_entry_dummy, minmay_statue_bubble
D:12:     layout_loops_cross, minmay_orc_entry_temple_small, serial_shops, shop,
          minmay_fractal_squares_diagonal_5
D:13:     layout_cave_pools, hangedman_weighted_door
D:14:     layout_stronghold, david_vaults_4, nicolae_uskayaw_en_pointe,
          chequers_arboretum, minivault_16
D:15:     hangedman_depths_entry_civil_slaughter, layout_layer_cave,
          minmay_misc_feat_tiny, minmay_hollow_rounded_squares
Temple:   jpeg_temple_alley_garden
Lair:1:   statuecave_lemuel, layout_small_grid, grunt_megastairs_5,
          minmay_lair_oklob_chamber, serial_bayou_shore_a, lemuel_fruit_tree,
          infiniplex_staircase_pool, serial_bayou_shore_b
Lair:2:   layout_loops_ring, uniq_urug
Lair:3:   layout_gridlike, swamp_mist_pool, minmay_stone_trees_small,
          infiniplex_staircase_pool_2
Lair:4:   layout_gridlike, minmay_snake_entry_six_corridors, special_room
          [special_room_bee], minmay_lair_oklob_items,
          chequers_serial_rivers_small_a
Lair:5:   layout_regular_city, nzn_random_ring, uniq_kirke
Swamp:1:  layout_basic_swamp, evilmike_swamp_ruin_house_6, uniq_aizul
Swamp:2:  layout_basic_swamp, ebering_ghost_funeral_grove,
          nicolae_swamp_ascending_descending
Orc:1:    layout_diamond_mine, ebering_ghost_rock_garden
Orc:2:    grunt_orc_tribal_feast, layout_caves, basic_altar

Skill      XL: |  1  2  3  4  5  6  7  8  9 10 11 12 13 14 15 16 |
---------------+-------------------------------------------------+-----
Spellcasting   | 4 5 6 7 9 10 12 14 | 14.4
Conjurations   | 5 7 9 12 | 12.0
Hexes          | 2 4 5 7 8 9 11 12 | 12.0
Translocations | 2 5 6 7 |  7.0
Fighting       | 2 5 7 9 |  9.0
Dodging        | 4 7 |  7.0
Stealth        | 3 7 9 |  9.0
Evocations     | 4 5 7 |  7.0
Necromancy     | 11 12 15 | 15.8
Earth Magic    | 5 7 |  7.0
Fire Magic     | 8 11 12 | 12.0
Shields        | 4 |  4.4
Transmutations | 3 |  3.0
Armour         | 1 |  1.7

Action                   |  1- 3 |  4- 6 |  7- 9 | 10-12 | 13-15 | 16-18 || total
-------------------------+-------+-------+-------+-------+-------+-------++-------
Melee: Dagger            |       |    45 |       |       |       |       ||    45
 Fire: Hunting sling     |     6 |    19 |    50 |   123 |   250 |     2 ||   450
 Cast: Magic Dart        |    50 |   105 |       |       |     3 |       ||   158
       Searing Ray       |     3 |    29 |    46 |   105 |   155 |    10 ||   348
       Fulminant Prism   |       |     2 |     8 |    73 |   137 |    13 ||   233
       Iskenderun's Myst |       |       |     3 |    57 |   174 |    13 ||   247
       Fireball          |       |       |       |       |    72 |     6 ||    78
       Borgnjor's Vile C |       |       |       |       |     6 |       ||     6
Evoke: Wand              |       |       |     1 |     8 |    15 |       ||    24
  Use: Scroll            |       |     4 |     7 |    12 |     3 |     2 ||    28
       Potion            |       |       |       |     8 |     1 |       ||     9
Armor: Robe              |     1 |     5 |     2 |       |       |       ||     8
       Steam dragon scal |       |       |     2 |    27 |    32 |       ||    61
       Ring mail         |       |       |       |       |     3 |     2 ||     5
Dodge: Dodged            |     2 |    16 |    13 |    74 |   100 |     1 ||   206
Block: Other             |       |       |       |    15 |       |       ||    15
       Kite shield       |       |       |       |       |    77 |     4 ||    81
